 Dungeon Crawl Stone Soup version 0.23.2 (webtiles) character file.

Game seed: 10219482058625525274

206 P0NYSLAYSTATION the Slasher (level 5, -3/47 HPs)
             Began as a Minotaur Monk on Mar 30, 2019.
             Killed from afar by Blork the orc (11 damage)
             ... with a puff of flame
             ... on level 4 of the Dungeon on Mar 31, 2019.
             The game lasted 00:10:08 (1280 turns).

P0NYSLAYSTATION the Slasher (Minotaur Monk)         Turns: 1280, Time: 00:10:09

Health: -3/47      AC:  6    Str: 16    XL:     5   Next: 53%
Magic:  4/4        EV: 12    Int:  7    God:
Gold:   43         SH:  0    Dex: 13    Spells: 4/4 levels left

rFire    . . .     SeeInvis .   a - +0 falchion
rCold    . . .     Gourm    .   (no shield)
rNeg     . . .     Faith    .   h - +0 ring mail
rPois    .         Spirit   .   (helmet restricted)
rElec    .         Reflect  .   (no cloak)
rCorr    .         Harm     .   k - +0 pair of gloves
MR       .....                  (no boots)
Stlth    +.........             (no amulet)
HPRegen  0.15/turn              (no ring)
MPRegen  0.09/turn              (no ring)

@: no status effects
A: retaliatory headbutt, horns 2
a: no special abilities


You were on level 4 of the Dungeon.
You were not hungry.

You visited 1 branch of the dungeon, and saw 4 of its levels.

You collected 43 gold pieces.

Inventory:

Hand Weapons
 a - a +0 falchion (weapon)
Missiles
 f - 7 javelins (quivered)
Armour
 b - a +0 robe
 h - a +0 ring mail (worn)
 i - a cursed +0 leather armour
 k - a +0 pair of gloves (worn)
Wands
 o - a wand of iceblast (12)
Scrolls
 d - a scroll of enchant weapon {unknown}
 e - 2 scrolls of teleportation
 m - a scroll of identify {unknown}
Potions
 j - a potion of brilliance {unknown}
 l - a potion of cancellation {unknown}
 n - 2 potions of heal wounds
Comestibles
 c - 3 rations
 g - 4 chunks of flesh


   Skills:
 + Level 4.6 Fighting
 + Level 5.2 Long Blades
 * Level 3.3 Armour
 + Level 4.0 Dodging
 + Level 1.9 Stealth


You had 4 spell levels left.
You didn't know any spells.
Your spell library was empty.

Dungeon Overview and Level Annotations

Branches:
Dungeon (4/15)
 Temple: D:4-7

Altars:
Cheibriados

Annotations:
D:3 Ijyb
D:4 Blork the orc, Menkaure


Innate Abilities, Weirdness & Mutations

You reflexively headbutt those who attack you in melee.
You have a pair of horns on your head.


Message History

Blork the orc hits you from afar with a +0 trident.
You see here a wand of iceblast (12).
o - a wand of iceblast (12) Blork the orc zaps a wand.
You resist with some effort. Blork the orc casts a spell at you.
The puff of frost hits you.
Blork the orc hits you but does no damage.
Blork the orc hits you with a +0 trident.
Blork the orc hits you with a +0 trident. x2
Menkaure mumbles in an indecipherable tongue.
Menkaure casts a spell.
Menkaure seems to speed up.
Blork the orc barely misses you. Menkaure hits you!!
* * * LOW HITPOINT WARNING * * *
Menkaure calls on the powers of darkness!
Blork the orc convulses!
Your body is wracked with pain!
* * * LOW HITPOINT WARNING * * *
Blork the orc points at you and mumbles some strange words.
The puff of flame hits you!
You die...

#.......(...#
#.####....... #...#
.....# #<#.##.....#
# #.#........# ...
#..........#
....######M####..
.............##.##.#
..........o.@......#
............#+#.....
............# ..#.
#....###..### #
#.... ##.# #... #.#
### #.. ...


You could see Blork the orc and Menkaure.

Vanquished Creatures
  Edmund (D:3)
  Natasha (twice) (D:3)
  2 oozes
  4 leopard geckos
  3 orcs (D:3)
  A giant cockroach (D:1)
  2 hobgoblins
  4 jackals
  3 kobolds
  5 bats
  2 frilled lizards
  5 rats
34 creatures vanquished.

Notes
Turn   | Place    | Note
-------+----------+-------------------------------------------
     0 | D:1      | P0NYSLAYSTATION the Minotaur Monk began the quest for the
                  | Orb.
     0 | D:1      | Reached XP level 1. HP: 19/19 MP: 0/0
   209 | D:1      | Reached skill level 1 in Armour
   213 | D:1      | Reached XP level 2. HP: 24/27 MP: 1/1
   264 | D:2      | Reached skill level 4 in Long Blades
   502 | D:3      | Reached XP level 3. HP: 33/33 MP: 2/2
   543 | D:3      | Found a snail-covered altar of Cheibriados.
   594 | D:3      | Noticed Natasha
   695 | D:3      | Killed Natasha
   697 | D:3      | Noticed Ijyb
   721 | D:3      | Reached XP level 4. HP: 20/40 MP: 3/3
   893 | D:3      | Noticed Natasha
   897 | D:3      | Killed Natasha
  1044 | D:4      | Noticed Edmund
  1044 | D:4      | Noticed Menkaure
  1071 | D:3      | Killed Edmund
  1071 | D:3      | Reached skill level 5 in Long Blades
  1071 | D:3      | Reached XP level 5. HP: 17/47 MP: 4/4
  1075 | D:3      | Upgraded the game from 0.23.1-44-gbd83930989 to 0.23.2
  1269 | D:4      | Noticed Blork the orc
  1280 | D:4      | Killed from afar by Blork the orc

Skill      XL: |  1  2  3  4 |
---------------+-------------+-----
Armour         | 1 2 3 |  3.3
Long Blades    | 4 5 |  5.2
Fighting       | 4 |  4.6
Dodging        | 4 |  4.0
Stealth        | |  1.9

Action                   |  1- 3 |  4- 6 || total
-------------------------+-------+-------++-------
Melee: Falchion          |    66 |    17 ||    83
       Headbutt          |    12 |     7 ||    19
  Use: Scroll            |     3 |       ||     3
       Potion            |     1 |       ||     1
  Eat: Chunk             |       |     1 ||     1
Armor: Ring mail         |    27 |     1 ||    28
       Robe              |     2 |       ||     2
Dodge: Dodged            |    53 |     9 ||    62
       Rpst.: Falchion   |     9 |     2 ||    11
